 Dungeon Crawl Stone Soup version 0.28-a0-863-g8cecda6153 (webtiles) character file.

Game seed: 17737438661861513421

1586 Crownlay the Gusty (level 8, 0/60 HPs)
             Began as a Gnoll Air Elementalist on Nov 18, 2021.
             Shot with an arrow by a centaur (9 damage)
             ... on level 6 of the Dungeon.
             The game lasted 00:13:00 (7094 turns).

Crownlay the Gusty (Gnoll Air Elementalist)         Turns: 7094, Time: 00:13:00

Health: 0/60       AC:  3    Str:  8    XL:     8   Next: 92%
Magic:  12/17      EV: 14    Int: 16    God:
Gold:   207        SH:  0    Dex: 13    Spells: 9/19 levels left

rFire   . . .      SeeInvis .   q - +2 dagger (elec)
rCold   . . .      Faith    .   (no shield)
rNeg    . . .      Spirit   .   a - +0 robe
rPois   .          Reflect  .   (no helmet)
rElec   .          Harm     .   (no cloak)
rCorr   .          Rampage  .   y - +0 pair of gloves
Will    .....                   (no boots)
Stlth   +++.......              m - amulet of magic regeneration
HPRegen 0.20/turn               (no ring)
MPRegen 0.40/turn               (no ring)

@: very slightly contaminated
A: fangs 1, strong nose, distributed training
a: no special abilities


You were on level 6 of the Dungeon.
You visited 1 branch of the dungeon, and saw 6 of its levels.

You collected 237 gold pieces.
You spent 30 gold pieces at shops.

Inventory:

Hand Weapons
 q - a +2 dagger of electrocution (weapon)
Armour
 a - a +0 robe (worn)
 y - a +0 pair of gloves (worn)
Jewellery
 j - an amulet of regeneration
 m - an amulet of magic regeneration (around neck)
Wands
 o - a wand of digging (3)
 u - a wand of iceblast (9)
Scrolls
 d - 2 scrolls of enchant armour
 e - 7 scrolls of identify
 h - 2 scrolls of fog {unknown}
 p - a scroll of holy word {unknown}
 r - a scroll of magic mapping {unknown}
 s - 2 scrolls of vulnerability {unknown}
 t - a scroll of fear {unknown}
 w - a scroll of immolation {unknown}
 x - 2 scrolls of teleportation {unknown}
Potions
 b - a potion of attraction {unknown}
 c - a potion of magic {unknown}
 f - a potion of flight {unknown}
 g - 6 potions of heal wounds
 i - a potion of curing
 k - 2 potions of haste
 l - a potion of ambrosia {unknown}
 n - a potion of cancellation {unknown}
 v - a potion of might
 z - a potion of brilliance {unknown}


   Skills:
 + Level 3.7 Fighting
 + Level 3.7 Short Blades
 + Level 3.7 Long Blades
 + Level 3.7 Axes
 + Level 3.7 Maces & Flails
 + Level 3.7 Polearms
 + Level 3.7 Staves
 + Level 3.7 Slings
 + Level 3.7 Bows
 + Level 3.7 Crossbows
 + Level 3.7 Throwing
 + Level 3.7 Armour
 + Level 5.9 Dodging
 + Level 5.6 Stealth
 + Level 3.7 Shields
 + Level 3.7 Unarmed Combat
 + Level 6.3 Spellcasting
 + Level 3.7 Conjurations
 + Level 3.0 Hexes
 + Level 3.0 Summonings
 + Level 3.0 Necromancy
 + Level 3.0 Translocations
 + Level 3.0 Transmutations
 + Level 3.0 Fire Magic
 + Level 3.0 Ice Magic
 + Level 6.3 Air Magic
 + Level 3.0 Earth Magic
 + Level 3.0 Poison Magic
 + Level 4.0 Invocations
 + Level 3.7 Evocations


You had 9 spell levels left.
You knew the following spells:

 Your Spells              Type           Power      Damage    Failure   Level
a - Shock                 Conj/Air       84%        1d8       1%          1
b - Static Discharge      Conj/Air       21%        N/A       2%          2
c - Swiftness             Air            25%        N/A       3%          3
d - Airstrike             Air            12%        N/A       10%         4

Your spell library contained the following spells:

 Spells                   Type           Power      Damage    Failure   Level
 Beastly Appendage        Tmut           28%        N/A       3%          1
 Ensorcelled Hibernation  Hex/Ice        28%        N/A       6%          2
 Wereblood                Tmut           14%        N/A       6%          2
 Spider Form              Tmut/Pois      14%        N/A       12%         3
 Cause Fear               Hex            7%         N/A       36%         4
 Leda's Liquefaction      Hex/Erth       7%         N/A       36%         4
 Lee's Rapid Deconstruct  Erth           7%         3d7*      71%         5
 Statue Form              Tmut/Erth      9%         N/A       99%         6
 Dragon Form              Tmut           7%         N/A       100%        7
 Dragon's Call            Summ           7%         N/A       100%        9


Dungeon Overview and Level Annotations

Branches:
Dungeon (6/15)
 Temple: D:4-7

Altars:
Wu Jian

Shops:
D:1 !   D:4 *

Annotations:
D:2 1 runed translucent door, Crazy Yiuf


Innate Abilities, Weirdness & Mutations

You have very sharp teeth.
Your uncanny sense of smell can sniff out nearby items.
Your experience applies equally to all skills.


Message History

Found 28 stones.
A centaur comes into view.
You see here 28 stones.
The zap hits the centaur.
The centaur is lightly wounded.
The centaur shouts!
The centaur wields a +0 shortbow.
The centaur shoots an arrow.
The arrow hits you!
An ogre comes into view. It is wielding a +0 giant club.
The ogre shouts!
The centaur shoots an arrow.
The arrow hits you!
The zap hits the centaur.
The centaur is lightly wounded.
The centaur shoots an arrow.
The arrow hits you!
The centaur shoots an arrow.
The arrow barely misses you.
The zap hits the ogre.
The ogre is lightly wounded.
The centaur shoots an arrow.
The arrow hits you.
The zap hits the ogre.
The ogre is moderately wounded.
The centaur shoots an arrow.
The arrow closely misses you.
The zap hits the ogre.
The ogre is heavily wounded.
Casting: Shock (safe; 1% risk of failure)
Confirm with . or Enter, or press ? or * to list all spells.
Aiming: Airstrike (dangerous; 10% risk of failure)
Press: ? - help, Dir - move target, f/p - ogre
Aim: an ogre, wielding a +0 giant club (heavily wounded, empty space bonus: 4/8)
You miscast Airstrike.
You are very lightly contaminated with residual magic.
Sparks of electricity dance around you.
The centaur shoots an arrow.
The arrow hits you.
The centaur shoots an arrow.
The arrow completely misses you. The ogre barely misses you.
The centaur shoots an arrow.
The arrow closely misses you.
The centaur shoots an arrow.
The arrow hits you!
* * * LOW HITPOINT WARNING * * *
The ogre closely misses you.
The centaur shoots an arrow.
The arrow hits you.
* * * LOW HITPOINT WARNING * * *
The centaur shoots an arrow.
The arrow hits you!
You die...

.......##..# #..#
...######..# #..#
...........# #..#
...####...## #.c#
###### #..# ##...##
...###..# #.....##
......O.# .......#
...####.# ..._...# #@#
....)..# #.#####
#.....## #.....#
##...## #####.# ######
#.# #.######.# #.#
#........# #.#
.#.#################.#
###..................#


You could see an ogre and a centaur.

Vanquished Creatures
  Maggie (D:6)
  A water moccasin (D:5)
  An ice beast (D:5)
  An orc warrior (D:6)
  A hornet zombie (D:5)
  2 ogres (D:6)
  A phantom (D:5)
  Blork the orc (D:4)
  2 scorpions (D:6)
  A bullfrog zombie (D:5)
  4 hounds
  A bullfrog skeleton (D:6)
  A gnoll shaman (D:4)
  Terence (D:3)
  2 iguanas (D:5)
  An orc wizard (D:6)
  3 gnolls (D:4)
  A howler monkey skeleton (D:6)
  3 adders
  A white imp (D:6)
  2 ufetubi
  2 adder skeletons (D:4)
  2 worms
  A dart slug (D:3)
  10 orcs
  3 bats
  8 endoplasms
  5 giant cockroaches
  7 goblins
  6 hobgoblins
  6 jackals
  8 kobolds
  2 quokkas (D:4)
  6 ball pythons
  5 frilled lizards
  8 rats
111 creatures vanquished.

Notes
Turn   | Place    | Note
-------+----------+-------------------------------------------
     0 | D:1      | Crownlay the Gnoll Air Elementalist began the quest for the
                  | Orb.
     0 | D:1      | Reached XP level 1. HP: 13/13 MP: 6/6
   132 | D:1      | Reached XP level 2. HP: 19/19 MP: 4/7
   310 | D:1      | Learned a level 2 spell: Static Discharge
   910 | D:1      | Reached XP level 3. HP: 25/25 MP: 7/9
   988 | D:1      | Reached skill level 5 in Spellcasting
  1013 | D:1      | Found Keerrey's Distillery.
  1022 | D:1      | Bought a potion of curing for 30 gold pieces
  1381 | D:2      | Reached skill level 1 in Invocations
  2021 | D:2      | Found a runed translucent door.
  2022 | D:2      | Noticed Crazy Yiuf
  2277 | D:2      | Learned a level 3 spell: Swiftness
  2378 | D:3      | Reached skill level 1 in Fighting
  2378 | D:3      | Reached skill level 1 in Short Blades
  2378 | D:3      | Reached skill level 1 in Long Blades
  2378 | D:3      | Reached skill level 1 in Axes
  2378 | D:3      | Reached skill level 1 in Maces & Flails
  2378 | D:3      | Reached skill level 1 in Polearms
  2378 | D:3      | Reached skill level 1 in Staves
  2378 | D:3      | Reached skill level 1 in Slings
  2378 | D:3      | Reached skill level 1 in Bows
  2378 | D:3      | Reached skill level 1 in Crossbows
  2378 | D:3      | Reached skill level 1 in Throwing
  2378 | D:3      | Reached skill level 1 in Armour
  2378 | D:3      | Reached skill level 1 in Shields
  2378 | D:3      | Reached skill level 1 in Unarmed Combat
  2378 | D:3      | Reached skill level 1 in Evocations
  2686 | D:3      | Reached XP level 4. HP: 32/32 MP: 8/11
  2810 | D:3      | Noticed Terence
  2822 | D:3      | Killed Terence
  2823 | D:3      | Reached skill level 1 in Hexes
  2823 | D:3      | Reached skill level 1 in Summonings
  2823 | D:3      | Reached skill level 1 in Necromancy
  2823 | D:3      | Reached skill level 1 in Translocations
  2823 | D:3      | Reached skill level 1 in Transmutations
  2823 | D:3      | Reached skill level 1 in Fire Magic
  2823 | D:3      | Reached skill level 1 in Ice Magic
  2823 | D:3      | Reached skill level 1 in Earth Magic
  2823 | D:3      | Reached skill level 1 in Poison Magic
  3436 | D:3      | Reached XP level 5. HP: 33/37 MP: 4/12
  3973 | D:4      | Reached XP level 6. HP: 40/44 MP: 2/13
  4208 | D:4      | Learned a level 4 spell: Airstrike
  4292 | D:4      | Found Akleono's Neck Hole.
  4676 | D:4      | Noticed Blork the orc
  4684 | D:4      | Killed Blork the orc
  4685 | D:4      | Reached skill level 5 in Dodging
  4952 | D:5      | Entered Level 5 of the Dungeon
  5042 | D:5      | Noticed an ice beast
  5051 | D:5      | Killed an ice beast
  5052 | D:5      | Reached XP level 7. HP: 21/50 MP: 1/15
  5609 | D:5      | Reached skill level 5 in Stealth
  5737 | D:5      | Reached XP level 8. HP: 24/57 MP: 1/16
  6715 | D:6      | Found an ornate altar of the Wu Jian Council.
  6872 | D:6      | Noticed Maggie
  6880 | D:6      | Killed Maggie
  7094 | D:6      | Shot with an arrow by a centaur

Illustrated notes

Levels and vault maps discovered:
D:1:      lightli_arrival_noodles, layout_loops_ring, serial_shops,
          nicolae_shop_crystal
D:2:      layout_basic, uniq_crazy_yiuf_cottage
D:3:      layout_loops_corners, uniq_terence
D:4:      layout_loops_ring, nicolae_shop_sticking_my_neck_out,
          uniq_blork_the_orc
D:5:      layout_gridville
D:6:      layout_loops_ring, lemuel_round_altar, uniq_maggie

Skill      XL: |  1  2  3  4  5  6  7  8 |
---------------+-------------------------+-----
Conjurations   | 2 3 |  3.7
Spellcasting   | 5 6 |  6.3
Invocations    | 1 2 3 4 |  4.0
Fighting       | 1 2 3 |  3.7
Short Blades   | 1 2 3 |  3.7
Long Blades    | 1 2 3 |  3.7
Axes           | 1 2 3 |  3.7
Maces & Flails | 1 2 3 |  3.7
Polearms       | 1 2 3 |  3.7
Staves         | 1 2 3 |  3.7
Slings         | 1 2 3 |  3.7
Bows           | 1 2 3 |  3.7
Crossbows      | 1 2 3 |  3.7
Throwing       | 1 2 3 |  3.7
Armour         | 1 2 3 |  3.7
Shields        | 1 2 3 |  3.7
Unarmed Combat | 1 2 3 |  3.7
Evocations     | 1 2 3 |  3.7
Hexes          | 1 2 3 |  3.0
Summonings     | 1 2 3 |  3.0
Necromancy     | 1 2 3 |  3.0
Translocations | 1 2 3 |  3.0
Transmutations | 1 2 3 |  3.0
Fire Magic     | 1 2 3 |  3.0
Ice Magic      | 1 2 3 |  3.0
Earth Magic    | 1 2 3 |  3.0
Poison Magic   | 1 2 3 |  3.0
Dodging        | 5 |  5.9
Stealth        | 5 |  5.6
Air Magic      | 6 |  6.3

Action                   |  1- 3 |  4- 6 |  7- 9 || total
-------------------------+-------+-------+-------++-------
Melee: Unarmed           |     6 |       |       ||     6
       Dagger            |       |     4 |     6 ||    10
       Bite              |       |       |     1 ||     1
 Cast: Shock             |    93 |    99 |    88 ||   280
       Static Discharge  |       |    10 |     5 ||    15
       Swiftness         |       |     1 |     1 ||     2
       Airstrike         |       |     2 |    16 ||    18
Evoke: Wand              |       |       |     2 ||     2
  Use: Scroll            |     1 |     2 |     4 ||     7
Armor: Robe              |     4 |     3 |    10 ||    17
Dodge: Dodged            |    12 |    13 |    39 ||    64

Table legend: (Time is in decaauts)
 A = Elapsed time spent in this place.
 B = Non-inter-level travel time spent in this place.
 C = Inter-level travel time spent in this place.
 D = Time resting spent in this place.
 E = Time spent auto-exploring this place.
 F = Levels seen in this place.
 G = Mean time per level.
                   A        B        C        D        E       F      G
               +--------+--------+--------+--------+--------+-----+--------+
         Total |   7089 |   6893 |    196 |      0 |   6228 |   6 | 1181.5 |
       Dungeon |   7089 |   6893 |    196 |      0 |   6228 |   6 | 1181.5 |
               +--------+--------+--------+--------+--------+-----+--------+

Top non-repeatable levels by time:
     D:3: 1358 daAuts
     D:1: 1256 daAuts
     D:4: 1220 daAuts
     D:6: 1192 daAuts
     D:2: 1115 daAuts
     D:5: 946 daAuts
